 Dungeon Crawl Stone Soup version 0.17.1-1-g73c8601 (webtiles) character file.

135 Peloso the Shield-Bearer (level 4, -2/41 HPs)
             Began as a Minotaur Fighter on Dec 13, 2015.
             Slain by a gnoll
             ... wielding a +0 flail
              (8 damage)
             ... on level 4 of the Dungeon.
             The game lasted 00:08:43 (2547 turns).

Peloso the Shield-Bearer (Minotaur Fighter)         Turns: 2547, Time: 00:08:43

Health: -2/41      AC:  6    Str: 20    XL:     4   Next: 97%
Magic:  3/3        EV:  7    Int:  5    God:
Gold:   132        SH:  9    Dex: 11    Spells: 0 memorised, 3 levels left

rFire  . . .     SeeInvis .     a - +0 long sword
rCold  . . .     Clarity  .     b - +0 scale mail
rNeg   . . .     SustAt   .     c - +0 shield
rPois  .         Gourm    .     (helmet restricted)
rElec  .         Spirit   .     (no cloak)
rCorr  .         Warding  .     (no gloves)
rMut   .         Stasis   .     (no boots)
MR     .....                    (no amulet)
Stlth  ..........               (no ring)
                                (no ring)

@: drained, not resistant to hostile enchantments, extremely unstealthy
A: retaliatory headbutt, horns 2
a: no special abilities


You were on level 4 of the Dungeon.
You were not hungry.

You visited 1 branch of the dungeon, and saw 4 of its levels.

You collected 132 gold pieces.

Inventory:

Hand Weapons
 a - a +0 long sword (weapon)
Armour
 b - a +0 scale mail (worn)
 c - a +0 shield (worn)
Jewellery
 g - an uncursed ring of protection from magic {unknown}
Scrolls
 i - 4 scrolls of identify {unknown}
 k - a scroll of fog {unknown}
 l - 3 scrolls of remove curse {unknown}
 m - a scroll of teleportation {unknown}
 r - a scroll of fear {unknown}
 t - a scroll of magic mapping {unknown}
 w - a scroll of random uselessness {unknown}
 x - a scroll of blinking {unknown}
Potions
 d - a potion of might
 f - a potion of haste {unknown}
 n - a potion of ambrosia {unknown}
 o - a potion of agility {unknown}
 s - a potion of brilliance {unknown}
 v - a potion of curing {unknown}
Comestibles
 e - 4 bread rations
 h - 2 slices of pizza
 j - 2 meat rations
 q - a beef jerky
 u - 4 fruits


   Skills:
 + Level 4.4(3.4) Fighting
 + Level 3.2(2.3) Long Blades
 + Level 4.4(3.5) Armour
 + Level 1.4(0.5) Dodging
 + Level 0.1(0.0) Stealth
 + Level 4.8(3.9) Shields


You had 3 spell levels left.
You didn't know any spells.

Dungeon Overview and Level Annotations

Branches:
Dungeon (4/15)
 Temple: D:4-7

Altars:
Fedhas


Innate Abilities, Weirdness & Mutations

You reflexively headbutt those who attack you in melee.
You have a pair of horns on your head.


Message History

The gnoll is heavily wounded.
You block the gnoll's attack. x2
The gnoll barely misses you. The gnoll hits you with a spear.
Unknown command.
You hit the gnoll.
The gnoll is severely wounded.
The gnoll hits you. You block the gnoll's attack.
The gnoll hits you but does no damage. The gnoll hits you.
* * * LOW HITPOINT WARNING * * *
You block the gnoll's attack.
You closely miss the gnoll. Your headbutt misses the gnoll.
The gnoll is severely wounded.
The gnoll hits you but does no damage. The gnoll hits you.
* * * LOW HITPOINT WARNING * * *
You closely miss the gnoll.
The gnoll is severely wounded.
The gnoll hits you with a spear.
* * * LOW HITPOINT WARNING * * *
The gnoll closely misses you. The gnoll hits you with a flail!
You die...

.. #. .. #. .## +. #.##
##### ≈#+#≈ ##$.## ###....
≈≈.≈≈# #.g@g## ###......
......##.gg..# ###........
...$...#.....####..........
?..........#..##...........
........†.###..##..........
..........# ##..#..........
..........# ##............
g.........######..#........
...................###.....


You could see 4 gnolls.

Vanquished Creatures
  5 adders
  2 oozes
  2 worms
  A giant gecko (D:4)
  4 orcs (D:3)
  9 bats
  8 goblins
  6 hobgoblins
  2 quokkas (D:3)
  5 giant cockroaches
  3 giant newts
  8 jackals
  6 kobolds
  10 rats
71 creatures vanquished.

Notes
Turn   | Place    | Note
--------------------------------------------------------------
     0 | D:1      | Peloso the Minotaur Fighter began the quest for the Orb.
     0 | D:1      | Reached XP level 1. HP: 19/19 MP: 0/0
    46 | D:1      | Reached skill level 4 in Shields
   164 | D:1      | Reached XP level 2. HP: 27/27 MP: 1/1
   945 | D:2      | Reached XP level 3. HP: 31/33 MP: 2/2
  1193 | D:2      | Reached XP level 4. HP: 40/40 MP: 3/3
  1946 | D:3      | Found a blossoming altar of Fedhas.
  2096 | D:3      | Reached skill level 1 in Dodging
  2547 | D:4      | Slain by a gnoll

Action                   |  1- 3 |  4- 6 || total
-------------------------+-------+-------++-------
Melee: Long sword        |    62 |   102 ||   164
 Stab: Distracted        |       |     1 ||     1
  Eat: Chunk             |     1 |     4 ||     5
